 Dungeon Crawl Stone Soup version 0.18-a0-455-gc7d4c65 (webtiles) character file.

11998 George the Carver (level 11, -12/94 HPs)
             Began as a Minotaur Fighter on Dec 1, 2015.
             Was a High Priest of Okawaru.
             Mangled by a red ugly thing (19 damage)
             ... on level 11 of the Dungeon.
             The game lasted 00:27:18 (11187 turns).

George the Carver (Minotaur Fighter)               Turns: 11187, Time: 00:27:19

Health: -12/94     AC: 17    Str: 24    XL:     11   Next: 56%
Magic:  12/14      EV: 15    Int:  5    God:    Okawaru [*****.]
Gold:   782        SH: 15    Dex: 10    Spells: 0 memorised, 10 levels left

rFire  . . .     SeeInvis .     a - +0 long sword
rCold  + . .     Clarity  .     Q - quicksilver dragon armour
rNeg   . . .     SustAt   .     q - +2 shield
rPois  .         Gourm    .     R - +2 hat
rElec  .         Spirit   .     E - +0 cloak
rCorr  .         Dsmss    .     (no gloves)
rMut   .         Stasis   .     (no boots)
MR     +....                    (no amulet)
Stlth  ++........               I - ring of wizardry
                                z - ring of protection from cold

@: heroism, somewhat resistant to hostile enchantments, unstealthy
A: retaliatory headbutt, horns 2
a: Heroism, Finesse, Renounce Religion


You were on level 11 of the Dungeon.
You worshipped Okawaru.
Okawaru was extremely pleased with you.
You were not hungry.

You visited 2 branches of the dungeon, and saw 12 of its levels.
You also visited: Ossuary.

You collected 782 gold pieces.

Inventory:

Hand Weapons
 a - a +0 long sword (weapon)
 U - the +9 Sword of Zonguldrok {reap, *Curse}
   (You acquired it on level 8 of the Dungeon)

   If a monster killed with it leaves a corpse in good enough shape, the corpse
   will be animated as a zombie friendly to the killer.
   It may re-curse itself when equipped.
Armour
 q - a +2 shield (worn)
 E - a +0 cloak (worn)
 Q - a quicksilver dragon armour (worn)
 R - a +2 hat (worn)
Jewellery
 z - a ring of protection from cold (left hand)
 I - a ring of wizardry (right hand)
Wands
 H - a wand of fire (9)
 L - a wand of disintegration (14)
 S - a wand of cold (10)
 T - a wand of lightning (8)
 V - a wand of confusion (36)
 W - a wand of cold (4)
 X - a wand of magic darts (9)
Scrolls
 g - 7 scrolls of remove curse
 B - a scroll of blinking
 C - a scroll of enchant armour
 F - 3 scrolls of teleportation
 P - a scroll of magic mapping
 Z - 2 scrolls of fog
Potions
 d - a potion of might
 f - 2 potions of agility
 j - 2 potions of magic
 l - 2 potions of resistance
 m - 2 potions of curing
 o - 2 potions of cancellation
 w - 3 potions of haste
 M - a potion of flight {unknown}
Comestibles
 e - 3 bread rations
 h - 10 fruits
 k - 8 meat rations
 N - a beef jerky
 O - a slice of pizza
 Y - 2 chunks of flesh


   Skills:
 + Level 7.8(12.8) Fighting
 + Level 14.9(19.9) Long Blades
 + Level 7.9(12.9) Armour
 + Level 6.4(11.4) Dodging
 + Level 8.0(13.0) Shields
 + Level 6.1 Invocations


You had 10 spell levels left.
You didn't know any spells.

Dungeon Overview and Level Annotations

Branches:
Dungeon (11/15)            Temple (1/1) D:6            Lair (0/8) D:9
    Orc (0/4) D:9

Altars:
Ashenzari
Cheibriados
Dithmenos
Elyvilon
Fedhas
Gozag
Kikubaaqudgha
Makhleb
Nemelex Xobeh
Okawaru
Qazlal
Ru
Sif Muna
Trog
Vehumet
Xom
Yredelemnul
Zin
The Shining One

Shops:
D:8 }


Innate Abilities, Weirdness & Mutations

You reflexively headbutt those who attack you in melee.
You have a pair of horns on your head.


Message History

You hit the red ugly thing but do no damage.
Your headbutt misses the red ugly thing.
The red ugly thing is heavily wounded.
The red ugly thing claws you!
* * * LOW HITPOINT WARNING * * *
You are engulfed in flames!!
* * * LOW HITPOINT WARNING * * *
You gain the combat prowess of a mighty hero.
You feel slightly more hungry. You block the red ugly thing's attack.
Drink which item? (? for menu, Esc to quit)
Okay, then.
Drink which item? (? for menu, Esc to quit)
You feel better. You block the red ugly thing's attack.
You hit the red ugly thing.
The red ugly thing is heavily wounded.
You are no longer corroded.
The red ugly thing claws you.
* * * LOW HITPOINT WARNING * * *
You are engulfed in flames!!
You die...

#.# #.# #.
#.#####.##############.
#.##.............[.<...
#.##.##.#######.######.
#.##.##.# ##...## #.
#.##.##.# #.....# ##
#...)...# ##...## #
####...## ##.## # ###@# #.#
# #u# #.# # #O# ##'## # #.#
##...## ##.# ##.....## ##..#
##.......##
...######...####.........###
.....O..................>+..
##.####..................###


You could see a red ugly thing and an ogre.

Vanquished Creatures
  Erolcha (D:9)
  A hill giant (D:10)
  An ugly thing (D:11)
  A manticore (D:11)
  An elephant (D:9)
  A centaur skeleton (D:8)
  2 trolls
  Grinder (D:3)
  Prince Ribbit (D:5)
  A trapdoor spider zombie (D:8)
  9 yaks (D:10)
  Sigmund (D:6)
  2 deep elf magi
  2 steam dragons
  The ghost of emiel the Magician, an amateur FeWz (D:5)
  Menkaure (D:5)
  2 hippogriffs (D:9)
  A hungry ghost (D:8)
  Edmund (D:5)
  Duvessa (D:4)
  2 orc warriors (D:10)
  3 black bears
  A water moccasin (D:9)
  3 ice beasts (D:6)
  3 sky beasts
  3 centaurs
  4 ogres
  4 phantoms
  A wasp (D:9)
  A crocodile (D:9)
  Blork the orc (D:4)
  6 giant frogs
  A big kobold (D:9)
  A wyvern skeleton (D:10)
  Dowan (D:4)
  2 gnoll sergeants
  15 killer bees
  8 scorpions
  6 crimson imps
  A giant frog zombie (D:5)
  2 hounds
  6 orc wizards
  A centaur zombie (D:6)
  A quasit (D:9)
  2 giant frog skeletons
  4 orc priests
  4 worker ants
  Jessica (D:2)
  2 iguanas
  A big kobold zombie (Ossuary)
  A sheep (D:9)
  2 hound skeletons
  3 mummies
  2 worker ant zombies
  Robin (D:2)
  10 adders
  15 gnolls
  A shadow imp (D:5)
  An ooze (D:4)
  An adder zombie (D:7)
  2 adder skeletons
  4 worms
  6 giant geckos
  31 orcs
  A ball python (D:1)
  10 bats
  5 giant cockroaches
  12 goblins
  9 hobgoblins
  6 jackals
  16 kobolds
  2 quokkas
  A giant gecko skeleton (D:5)
  5 giant newts
  4 gnoll zombies (Ossuary)
  2 goblin zombies (Ossuary)
  4 hobgoblin zombies
  A kobold zombie (D:5)
  4 orc zombies (Ossuary)
  A quokka skeleton (D:8)
  5 rats
291 creatures vanquished.

Notes
Turn   | Place    | Note
--------------------------------------------------------------
     0 | D:1      | George the Minotaur Fighter began the quest for the Orb.
     0 | D:1      | Reached XP level 1. HP: 19/19 MP: 0/0
   158 | D:1      | Reached XP level 2. HP: 21/26 MP: 1/1
   587 | D:2      | Reached skill level 4 in Long Blades
   762 | D:2      | Reached XP level 3. HP: 26/31 MP: 2/2
  1086 | D:2      | Noticed Robin
  1105 | D:2      | Killed Robin
  1105 | D:2      | Reached skill level 5 in Long Blades
  1109 | D:2      | Reached XP level 4. HP: 27/39 MP: 3/3
  1164 | D:2      | Found a shimmering altar of Xom.
  1165 | D:2      | Found a shimmering altar of Xom.
  1166 | D:2      | Found a shimmering altar of Xom.
  1167 | D:2      | Found a shimmering altar of Xom.
  1195 | D:2      | Noticed Jessica
  1201 | D:2      | Killed Jessica
  1201 | D:2      | Reached skill level 6 in Long Blades
  1725 | D:3      | Reached XP level 5. HP: 36/45 MP: 4/4
  2103 | D:3      | Noticed Grinder
  2109 | D:3      | Paralysed by Grinder for 2 turns
  2119 | D:3      | Paralysed by Grinder for 4 turns
  2136 | D:3      | Killed Grinder
  2136 | D:3      | Reached skill level 8 in Long Blades
  2136 | D:3      | Reached XP level 6. HP: 5/51 MP: 5/5
  2462 | D:3      | Found a deep blue altar of Sif Muna.
  2703 | D:4      | Reached skill level 9 in Long Blades
  2703 | D:4      | Reached XP level 7. HP: 57/57 MP: 6/6
  2728 | D:4      | Noticed Dowan
  2734 | D:4      | Noticed Duvessa
  2751 | D:4      | Killed Duvessa
  2764 | D:4      | Killed Dowan
  2956 | D:4      | Reached skill level 10 in Long Blades
  3115 | D:4      | Noticed Blork the orc
  3142 | D:4      | Killed Blork the orc
  3445 | D:4      | Reached skill level 11 in Long Blades
  3445 | D:4      | Reached XP level 8. HP: 64/64 MP: 7/7
  3665 | D:5      | Entered Level 5 of the Dungeon
  3682 | D:5      | Found a blossoming altar of Fedhas.
  3694 | D:5      | You fall through a shaft for 3 floors!
  3819 | D:7      | Reached skill level 12 in Long Blades
  3977 | D:5      | Noticed Prince Ribbit
  4047 | D:5      | Found a sand-covered staircase.
  4055 | D:5      | Killed Prince Ribbit
  4197 | Ossuary  | Entered an ossuary
  4372 | Ossuary  | Reached skill level 13 in Long Blades
  4494 | D:5      | Noticed Edmund
  4505 | D:5      | Killed Edmund
  4531 | D:5      | Noticed emiel's ghost (amateur FeWz)
  4537 | D:5      | Killed emiel's ghost
  4555 | D:5      | Found an iron altar of Okawaru.
  4566 | D:5      | Became a worshipper of Warmaster Okawaru
  4693 | D:5      | Noticed Menkaure
  4704 | D:5      | Killed Menkaure
  4704 | D:5      | Reached XP level 9. HP: 35/71 MP: 8/8
  4946 | D:5      | Reached skill level 1 in Invocations
  4952 | D:5      | Reached skill level 1 in Dodging
  5390 | D:6      | Reached * piety under Okawaru
  5876 | D:6      | Noticed Sigmund
  5879 | D:6      | Found a staircase to the Ecumenical Temple.
  5884 | D:6      | Killed Sigmund
  5884 | D:6      | Reached skill level 5 in Shields
  5937 | Temple   | Entered the Ecumenical Temple
  6229 | D:6      | Reached skill level 5 in Fighting
  6495 | D:6      | Reached ** piety under Okawaru
  6607 | D:7      | Reached skill level 5 in Armour
  6667 | D:7      | Found a sacrificial altar of Ru.
  6811 | D:7      | Reached skill level 14 in Long Blades
  6834 | D:7      | Reached XP level 10. HP: 25/81 MP: 11/11
  7754 | D:8      | Identified a scroll of acquirement
  8078 | D:8      | Reached *** piety under Okawaru
  8182 | D:8      | Found Siogalig's Gadget Boutique.
  8650 | D:9      | Noticed Erolcha
  8667 | D:9      | Killed Erolcha
  8676 | D:9      | Reached skill level 5 in Dodging
  8689 | D:9      | Found a staircase to the Lair.
  8697 | D:9      | Found a staircase to the Orcish Mines.
  8745 | D:9      | Reached **** piety under Okawaru
  9214 | D:9      | Got a steaming buckler
  9225 | D:9      | Identified the +1 buckler of Trog's Condemnation {rC- MR- rCorr Stlth+} (You found it on level 9 of the Dungeon)
  9318 | D:9      | Noticed an elephant
  9333 | D:9      | Killed an elephant
  9333 | D:9      | Reached skill level 5 in Invocations
  9454 | D:10     | Entered Level 10 of the Dungeon
  9517 | D:9      | Reached XP level 11. HP: 92/92 MP: 13/13
  9660 | D:10     | Reached ***** piety under Okawaru
  9724 | D:10     | HP: 1/92 [something (10)]
 10337 | D:10     | Noticed a hill giant
 10374 | D:10     | Killed a hill giant
 11182 | D:11     | HP: 1/94 [red ugly thing (21)]
 11187 | D:11     | Mangled by a red ugly thing

Vault maps used:
D:1:      dpeg_arrival_central
D:2:      xom_redecorated, uniq_robin, uniq_jessica
D:3:      lemuel_blue_sif_altar, uniq_grinder
D:4:      uniq_duvessa, uniq_blork_the_orc
D:5:      grunt_temple_overflow_open, first_bread, nicolae_ossuary_entry_giza,
          uniq_edmund, uniq_prince_ribbit1, uniq_menkaure
D:6:      temple_pool_b, uniq_sigmund
D:7:      nicolae_ru_the_path_less_chosen
D:8:      serial_shops, shop
D:9:      david_lair_generic, orc_0_dummy, uniq_erolcha
D:10:     moated_statue
D:11:     grunt_livestock, fedhas_altar_1
Temple:   water_room_temple_a_12
Ossuary:  minmay_ossuary_gauntlet

Action                   |  1- 3 |  4- 6 |  7- 9 | 10-12 || total
-------------------------+-------+-------+-------+-------++-------
Melee: Long sword        |    99 |   144 |   502 |   450 ||  1195
Invok: Heroism           |       |       |     2 |     3 ||     5
Evoke: Wand              |       |       |     4 |     3 ||     7
  Use: Scroll            |       |     5 |     6 |    10 ||    21
       Potion            |       |       |     1 |     2 ||     3
  Eat: Chunk             |     1 |     5 |    11 |    13 ||    30
       Pizza             |       |       |     2 |       ||     2
       Royal jelly       |       |       |       |     1 ||     1
